Map: Lost and Found LE

Players

Lighting

  • Race: Protoss Protoss
  • Spawn Location: 1:00

Stephano - Winner!

  • Race: Zerg Zerg
  • Spawn Location: 7:00

Event: WCS Montreal 2018

VOD

Have the link to the VOD?

Description

Time

  • Played on: Sept. 7, 2018, 12:22 p.m.
  • Length: 10:01

All games in this series

Show
View Real Time Build Order
Export as new Build Order

Lighting Protoss 

Build Orders: 1 Gate Expand, Zealot Archon, Colossus Rush 

Get SALT Encoding   

  12  0:00  Probe  
  13  0:12  Probe  
  14  0:19  Pylon  
  14  0:25  Probe  
  15  0:34  Probe  
  15  0:42  Probe  
  16  0:44  Gateway  
  17  0:51  Assimilator, Probe  
  18  1:02  Probe  
  19  1:10  Probe  
  20  1:18  Probe  
  21  1:28  Nexus  
  21  1:39  Probe  
  22  1:41  Cybernetics Core  
  22  1:47  Pylon  
  22  1:52  Probe  
  23  1:56  Assimilator  
  23  2:02  Probe  
  24  2:10  Probe  
  25  2:19  Adept  
  27  2:24  Probe  
  27  2:27  Robotics Facility  
  28  2:36  Probe  
  29  2:41  Probe  
  30  2:46  Adept  
  30  2:47  Warp Gate  
  30  2:48  Probe  
  33  2:53  Probe  
  33  2:56  Probe  
  34  3:04  Probe  
  35  3:06  Probe  
  37  3:14  Observer  
  37  3:17  Probe  
  37  3:18  Probe  
  37  3:19  Assimilator  
  40  3:27  Robotics Bay  
  40  3:28  Gateway  
  40  3:29  Probe  
  40  3:30  Gateway  
  40  3:31  Probe  
  42  3:43  Warp Prism, Probe  
  45  3:50  Pylon  
  45  3:52  Pylon  
  45  3:53  Probe  
  46  4:07  Disruptor  
  46  4:09  Sentry  
  48  4:14  Probe  
  47  4:19  Gravitic Drive  
  47  4:20  Probe  
  51  4:25  Assimilator  
  51  4:27  Probe  
  52  4:33  Probe  
  52  4:35  Disruptor  
  53  4:39  Probe  
  53  4:44  Probe  
  57  4:48  Probe  
  59  4:55  Adept  
  59  4:57  Probe  
  59  4:58  Pylon  
  62  5:07  Pylon, Twilight Council  
  62  5:16  Probe x2  
  62  5:20  Colossus  
  70  5:25  Pylon  
  70  5:26  Zealot x2  
  70  5:27  Zealot  
  76  5:30  Nexus  
  76  5:31  Pylon  
  76  5:36  Charge  
  76  5:40  Probe  
  76  5:42  Probe  
  78  5:47  Templar Archives  
  78  5:51  Adept x2  
  78  6:08  Probe  
  79  6:12  Pylon  
  79  6:13  Colossus  
  79  6:14  Pylon  
  85  6:18  Pylon  
  85  6:20  Pylon  
  85  6:24  Gateway, Probe  
  86  6:26  Gateway  
  86  6:31  Gateway  
  76  6:51  Zealot x2  
  76  6:52  Zealot  
  77  6:54  Probe  
  77  6:56  Probe  
  77  7:00  Gateway  
  79  7:06  Probe  
  79  7:08  Probe  
  81  7:09  Gateway  
  81  7:11  Gateway  
  81  7:14  Blink  
  81  7:17  Pylon, Nexus  
  81  7:18  Pylon, Probe  
  81  7:20  Pylon  
  82  7:24  High Templar x4  
  82  7:25  Zealot  
  92  7:33  Archon x2  
  92  7:36  Zealot  
  94  7:44  Probe  
  95  7:46  Zealot  
  95  7:47  Colossus  
  103  7:57  Stalker x3  
  103  7:58  Zealot x2  
  113  8:03  Forge  
  113  8:13  Stalker  
  103  8:29  Stalker x4  
  90  8:41  Colossus  
  88  8:56  Stalker x4  
  88  8:57  Zealot x2  
  88  9:02  Photon Cannon  
  96  9:03  Photon Cannon  
  96  9:07  Assimilator  
  96  9:11  Assimilator  
  96  9:12  Photon Cannon  
  91  9:22  Stalker x2  
  75  9:30  Zealot x3  
  75  9:31  Zealot  
  45  9:54  Stalker  
Show
View Real Time Build Order
Export as new Build Order

Stephano Zerg - Winner!

Build Orders: Hatch First 

Get SALT Encoding   

  12  0:00  Drone  
  13  0:13  Overlord  
  13  0:18  Drone  
  14  0:31  Drone x2  
  16  0:47  Hatchery  
  15  0:51  Drone  
  15  0:54  Drone  
  17  0:57  Drone  
  18  1:08  Extractor  
  17  1:13  Spawning Pool  
  17  1:15  Drone  
  17  1:19  Drone  
  18  1:28  Drone  
  19  1:39  Drone  
  20  1:49  Drone  
  21  2:00  Queen x2  
  21  2:01  Zergling x2, Overlord  
  26  2:11  Drone  
  26  2:12  Drone, Metabolic Boost  
  28  2:21  Drone  
  28  2:22  Drone  
  30  2:32  Hatchery  
  29  2:39  Queen  
  29  2:43  Overlord  
  31  2:45  Drone  
  31  2:47  Zergling x2  
  31  2:50  Drone  
  34  2:53  Drone  
  34  2:56  Drone  
  36  3:05  Drone x2  
  38  3:07  Drone  
  38  3:08  Drone x2  
  41  3:14  Queen  
  43  3:20  Overlord  
  43  3:22  Drone  
  44  3:33  Overlord  
  44  3:40  Drone, Spore Crawler  
  44  3:42  Drone x5  
  44  3:43  Queen  
  44  3:47  Drone x2  
  44  3:48  Drone, Evolution Chamber  
  54  3:55  Drone x4  
  57  4:16  Zerg Melee Weapons Level 1  
  57  4:18  Drone x8  
  57  4:19  Queen  
  57  4:20  Extractor x2  
  57  4:22  Baneling Nest  
  64  4:24  Overlord  
  64  4:25  Overlord  
  64  4:35  Queen  
  64  4:37  Lair  
  65  4:48  Drone x6  
  71  4:54  Zergling x2  
  71  4:55  Zergling x8, Hatchery  
  75  5:04  Spore Crawler  
  75  5:06  Drone x5  
  79  5:07  Zergling x2  
  79  5:08  Spore Crawler  
  79  5:11  Zergling x6  
  82  5:23  Baneling x3  
  82  5:24  Baneling x2  
  82  5:28  Overlord x2  
  82  5:29  Overlord  
  80  5:44  Zergling x4  
  80  5:46  Overlord  
  80  5:47  Overlord  
  80  5:50  Zergling x8  
  80  5:51  Zergling x12  
  90  5:59  Hatchery  
  90  6:00  Zergling x4  
  85  6:04  Extractor  
  85  6:05  Spire  
  85  6:06  Extractor  
  85  6:07  Extractor, Zergling x10  
  86  6:18  Drone x7  
  93  6:27  Drone x5  
  90  6:43  Pneumatized Carapace  
  90  6:46  Overlord  
  89  6:48  Overlord  
  87  6:56  Drone x10  
  87  6:58  Extractor x2, Drone x3  
  92  7:09  Drone x4  
  92  7:12  Overlord  
  96  7:19  Mutalisk x8  
  96  7:21  Zerg Melee Weapons Level 2  
  112  7:22  Mutalisk  
  112  7:23  Mutalisk  
  112  7:24  Hatchery  
  115  7:33  Overlord  
  115  7:34  Overlord  
  115  7:36  Zergling x22  
  126  7:44  Mutalisk x4  
  134  7:51  Mutalisk x2  
  134  7:52  Mutalisk  
  134  7:54  Zergling x10  
  134  7:55  Zergling x2  
  146  8:04  Zergling x2  
  146  8:05  Zergling x14  
  152  8:21  Mutalisk  
  152  8:22  Mutalisk x5, Hatchery  
  156  8:28  Mutalisk  
  156  8:32  Zergling x24  
  170  8:38  Overlord  
  168  8:49  Overlord  
  168  8:53  Hatchery  
  165  9:02  Mutalisk x4  
  173  9:06  Hatchery, Overlord  
  169  9:27  Mutalisk x6  
  176  9:33  Zergling x4  
  176  9:34  Zergling x18  
Tags
 
Add a new tag
Caveats
  • Supply blocks, unpowered buildings, or Contaminate may cause inaccurate times.
  • Supply counts are checked every 10 seconds.